 Dungeon Crawl Stone Soup version 0.28-a0-1435-g82390b3a13 (webtiles) character file.

Game seed: 13626336935743687013

11 anonymouscript the Sneak (level 2, 0/15 HPs)
             Began as a Spriggan Brigand on Jan 9, 2022.
             Slain by a goblin (2 damage)
             ... on level 2 of the Dungeon.
             The game lasted 00:03:16 (1171 turns).

anonymouscript the Sneak (Spriggan Brigand)         Turns: 1171, Time: 00:03:16

Health: 0/15       AC:  3    Str:  7    XL:     2   Next: 17%
Magic:  3/3        EV: 16    Int: 12    God:
Gold:   20         SH:  0    Dex: 16    Spells: 1/1 levels left

rFire   . . .      SeeInvis +   a - +2 dagger
rCold   . . .      Faith    .   (no shield)
rNeg    . . .      Spirit   .   b - +0 robe
rPois   .          Reflect  .   (helmet restricted)
rElec   .          Harm     .   c - +0 cloak
rCorr   .          Rampage  .   (gloves unavailable)
Will    .....                   (boots unavailable)
Stlth   +++.......              (no amulet)
HPRegen 0.05/turn               (no ring)
MPRegen 0.08/turn               (no ring)

@: very quick
A: very small, no large weapons, unfitting armour, see invisible, speed 3
a: no special abilities


You were on level 2 of the Dungeon.
You visited 1 branch of the dungeon, and saw 2 of its levels.

You collected 20 gold pieces.

Inventory:

Hand Weapons
 a - a +2 dagger (weapon)
Missiles
 d - 19 poisoned darts (quivered)
 e - 2 curare-tipped darts
Armour
 b - a +0 robe (worn)
 c - a +0 cloak (worn)
Jewellery
 g - a ring of ice
Scrolls
 f - 2 scrolls of teleportation {unknown}
 h - a scroll of fog {unknown}
Potions
 i - 2 potions of attraction {unknown}
 j - a potion of berserk rage {unknown}


   Skills:
 + Level 1.7 Fighting
 + Level 2.2 Short Blades
 + Level 2.0 Throwing
 + Level 1.4 Dodging
 + Level 6.4 Stealth


You had one spell level left.
You didn't know any spells.
Your spell library was empty.

Dungeon Overview and Level Annotations

Branches:
Dungeon (2/15)

Altars:

Shops:
D:2 (


Innate Abilities, Weirdness & Mutations

You are very small and have problems with some larger weapons.
You are too small for most types of armour.
You have supernaturally acute eyesight. (SInv)
You cover ground extremely quickly. (Speed+++)


Message History

You kill the rat!
Found a scroll labelled KOUVVETRAW.
Found a stone staircase leading down.
A rat comes into view.
A goblin comes into view. It is wielding a +0 spear.
Found a lumpy golden amulet.
Found a ring mail.
You see here a scroll labelled KOUVVETRAW.
f - 2 scrolls labelled KOUVVETRAW (gained 1)
You barely miss the rat. The rat barely misses you.
The goblin shouts!
You hit the rat.
The rat is severely wounded.
The rat barely misses you.
You hit the rat but do no damage.
The rat is severely wounded.
The rat misses you.
You hit the endoplasm.
The endoplasm is moderately wounded.
The endoplasm freezes you.
You are frozen.
You hit the endoplasm.
You kill the endoplasm!
You completely miss the rat.
The rat is severely wounded.
The goblin barely misses you.
You closely miss the rat.
The rat is severely wounded.
The rat closely misses you. The goblin hits you but does no damage.
You hit the rat.
You kill the rat!
The goblin hits you with a +0 spear.
* * * LOW HITPOINT WARNING * * *
You hit the goblin.
The goblin is severely wounded.
The goblin misses you.
You closely miss the goblin.
The goblin is severely wounded.
The goblin hits you with a +0 spear.
You die...

..............#
...#....)#.
....#.........#
##...(.. #...........#
###...# #..........#
##.w. #.........##
###... #.##.....##
#....J .. #......#
#..... #. #.....g##
##### #...>. #
#+#...@.####...###.....
#....................
###............>.....
+..####....###.....
#..# ##...# #.....
....# #...# #.....
#....# #...# ######
....>.# ##### #######


You could see a goblin.

Vanquished Creatures
  An endoplasm (D:2)
  A goblin (D:1)
  A quokka (D:1)
  A ball python (D:1)
  2 bats (D:1)
  4 kobolds
  3 rats
13 creatures vanquished.

Notes
Turn   | Place    | Note
-------+----------+-------------------------------------------
     0 | D:1      | anonymouscript the Spriggan Brigand began the quest for the
                  | Orb.
     0 | D:1      | Reached XP level 1. HP: 10/10 MP: 2/2
    72 | D:1      | Reached skill level 6 in Stealth
   358 | D:1      | Found a faded altar of an unknown god.
  1105 | D:2      | Found Kegga's Weapon Boutique.
  1112 | D:2      | Reached XP level 2. HP: 8/15 MP: 3/3
  1171 | D:2      | Slain by a goblin

Illustrated notes

Levels and vault maps discovered:
D:1:      doesnt_arrival_eight_statues, layout_loops_ring,
          shapermc_ecumenical_altar_totnotflames, minmay_misc_feat_alley
D:2:      layout_rooms, serial_shops, shop, nicolae_shop_hallway_plus,
          nicolae_shop_bloodbath_and_beyond, uniq_sigmund

Skill      XL: |  1 |
---------------+----+-----
Stealth        | 6 |  6.4
Fighting       | |  1.7
Short Blades   | |  2.2
Throwing       | |  2.0
Dodging        | |  1.4

Action                   || total
-------------------------++-------
Melee: Dagger            ||    38
 Stab: Sleeping          ||     1
Armor: Robe              ||     4
Dodge: Dodged            ||    17

Table legend: (Time is in decaauts)
 A = Elapsed time spent in this place.
 B = Non-inter-level travel time spent in this place.
 C = Inter-level travel time spent in this place.
 D = Time resting spent in this place.
 E = Time spent auto-exploring this place.
 F = Levels seen in this place.
 G = Mean time per level.
                   A        B        C        D        E       F      G
               +--------+--------+--------+--------+--------+-----+--------+
         Total |    851 |    843 |      8 |      0 |    706 |   2 |  425.5 |
       Dungeon |    851 |    843 |      8 |      0 |    706 |   2 |  425.5 |
               +--------+--------+--------+--------+--------+-----+--------+

Top non-repeatable levels by time:
     D:1: 794 daAuts
     D:2: 57 daAuts
